 Dungeon Crawl Stone Soup version 0.18.1-48-g4cf74bf (webtiles) character file.

485 nikopol the Chopper (level 6, -4/56 HPs)
             Began as a Minotaur Berserker on Aug 31, 2016.
             Was a Priest of Trog.
             Slain by an orc warrior
             ... wielding a +0 scimitar
              (22 damage)
             ... on level 3 of the Dungeon.
             The game lasted 00:05:56 (2413 turns).

nikopol the Chopper (Minotaur Berserker)            Turns: 2413, Time: 00:05:57

Health: -4/56      AC:  5    Str: 22    XL:     6   Next: 88%
Magic:  5/5        EV: 13    Int:  4    God:    Trog [***...]
Gold:   78         SH:  0    Dex: 11    Spells: 0 memorised, 5 levels left

rFire  . . .     SeeInvis .     a - +0 hand axe
rCold  . . .     Gourm    .     p - +2 leather armour {MR+}
rNeg   . . .     Faith    .     (no shield)
rPois  .         Spirit   .     (helmet restricted)
rElec  .         Dismiss  .     (no cloak)
rCorr  .         Reflect  .     (no gloves)
SustAt .         Harm     .     (no boots)
MR     +....                    (no amulet)
Stlth  +.........               (no ring)
                                (no ring)

@: somewhat resistant to hostile enchantments, very unstealthy
A: retaliatory headbutt, horns 2
a: Berserk, Trog's Hand, Burn Spellbooks, Renounce Religion


You were on level 3 of the Dungeon.
You worshipped Trog.
Trog was most pleased with you.
You were not hungry.

You visited 1 branch of the dungeon, and saw 3 of its levels.
You also visited: Sewer.

You collected 78 gold pieces.

Inventory:

Hand Weapons
 a - a +0 hand axe (weapon)
Missiles
 o - 63 arrows (quivered)
Armour
 b - a +0 animal skin
 g - a +0 scale mail
 p - a +2 leather armour of magic resistance (worn)
 v - a +0 pair of gloves
Jewellery
 t - an uncursed amulet of magic regeneration {unknown}
Scrolls
 j - 4 scrolls of teleportation
 k - a scroll of fog {unknown}
 n - a scroll of recharging {unknown}
 r - a scroll of enchant armour {unknown}
 u - a scroll of identify
Potions
 d - a potion of haste {unknown}
 e - 4 potions of curing
 h - 3 potions of degeneration
 i - 2 potions of mutation {unknown}
 l - a potion of resistance {unknown}
 m - a potion of flight
 s - 2 potions of heal wounds {unknown}
Comestibles
 c - 3 bread rations
 f - 2 chunks of flesh
 q - 2 meat rations


   Skills:
 + Level 5.3 Fighting
 + Level 5.8 Axes
 + Level 4.9 Armour
 + Level 4.5 Dodging


You had 5 spell levels left.
You didn't know any spells.

Dungeon Overview and Level Annotations

Branches:
Dungeon (3/15)

Altars:


Innate Abilities, Weirdness & Mutations

You reflexively headbutt those who attack you in melee.
You have a pair of horns on your head.


Message History

You hit the orc.
You kill the orc!
Trog accepts your kill. The orc wizard closely misses you.
The orc warrior hits you with a scimitar!
The orc wizard barely misses you.
A giant gecko comes into view.
You closely miss the orc warrior.
The orc warrior is severely wounded.
You closely miss the orc wizard.
The orc wizard is heavily wounded.
The orc wizard mumbles some strange words.
The orc wizard blinks!
You closely miss the orc warrior.
The orc warrior is severely wounded.
The orc warrior barely misses you.
You closely miss the orc warrior.
The orc warrior is severely wounded.
The orc warrior hits you with a scimitar!!
You die...

.#.# ##...#........#....†#.#.....
...# #...#........#.###......#..
.### #...#........#,* ##..####.#
.# #.)..........#,* #..#**#.#
.######.###........#,# #..#*,#.#
........# #........#.####..#*,#.#
........# #.................,,*.#
........###......)....#######,*,*
................@o......,,,,,,,,,
#####.........###§......,,,,,,,,,
#.........# *.......,,,,,,,,,
#.........# *..ol..[,,,,,,,,,
#.........# *.......,,,,,,,,,
#.........# *.......,,,,,,,,,
#.........# *###.#..,,,,,,,,,
#<........# *.###********+
#.........* *,* *,


You could see an orc warrior, an orc wizard and a giant gecko.

Vanquished Creatures
  The ghost of ThereIsNoGod the Chopper, an amateur MiGl (D:3)
  A big kobold (Sewer)
  Terence (D:2)
  Natasha (thrice) (D:2 D:3)
  2 adders (D:2)
  A river rat (Sewer)
  An ooze (D:3)
  3 dart slugs
  4 giant geckos
  8 orcs (D:3)
  5 bats
  4 giant cockroaches
  6 goblins
  3 hobgoblins
  A jackal (Sewer)
  9 kobolds
  3 giant newts
  10 rats
66 creatures vanquished.

Notes
Turn   | Place    | Note
--------------------------------------------------------------
     0 | D:1      | nikopol the Minotaur Berserker began the quest for the Orb.
     0 | D:1      | Reached XP level 1. HP: 19/19 MP: 0/0
   418 | D:1      | Reached XP level 2. HP: 25/27 MP: 1/1
   832 | D:2      | Noticed Terence
   838 | D:2      | Killed Terence
   838 | D:2      | Reached XP level 3. HP: 33/33 MP: 2/2
   855 | D:2      | Noticed Natasha
   867 | D:2      | Killed Natasha
   867 | D:2      | Reached XP level 4. HP: 21/40 MP: 3/3
  1095 | D:2      | Reached ** piety under Trog
  1752 | D:3      | Found a glowing drain.
  1773 | Sewer    | Entered a sewer
  1937 | Sewer    | Noticed a big kobold
  1954 | Sewer    | Killed a big kobold
  1954 | Sewer    | Reached skill level 5 in Axes
  1954 | Sewer    | Reached XP level 5. HP: 43/47 MP: 4/4
  1982 | Sewer    | Found a white marble altar of Elyvilon.
  2067 | D:3      | Noticed Natasha
  2073 | D:3      | Killed Natasha
  2165 | D:3      | Noticed ThereIsNoGod's ghost (amateur MiGl)
  2175 | D:3      | Reached *** piety under Trog
  2176 | D:3      | Killed ThereIsNoGod's ghost
  2176 | D:3      | Reached skill level 5 in Fighting
  2176 | D:3      | Reached XP level 6. HP: 49/56 MP: 5/5
  2348 | D:3      | Noticed Natasha
  2352 | D:3      | Killed Natasha
  2402 | D:3      | Noticed an orc warrior
  2413 | D:3      | Slain by an orc warrior

Skill      XL: |  1  2  3  4  5 |
---------------+----------------+-----
Axes           | 4 5 |  5.8
Fighting       | 4 5 |  5.3
Armour         | 3 4 |  4.9
Dodging        | 3 4 |  4.5

Action                   |  1- 3 |  4- 6 || total
-------------------------+-------+-------++-------
Melee: Hand axe          |    52 |    96 ||   148
       Headbutt          |     8 |    16 ||    24
Invok: Berserk           |     1 |     1 ||     2
  Use: Scroll            |       |     6 ||     6
       Potion            |       |     1 ||     1
 Stab: Sleeping          |     1 |       ||     1
  Eat: Chunk             |       |     7 ||     7
Armor: Scale mail        |    21 |    10 ||    31
       Leather armour    |       |    17 ||    17
Dodge: Dodged            |    27 |    55 ||    82
